 Dungeon Crawl Stone Soup version 0.29.1-2-gbd0b4ee654 (webtiles) character file.

Game seed: 12367895733903424690

3246 zeram the Covert (level 9, -9/61 HPs)
             Began as an Octopode Fighter on Nov 15, 2022.
             Killed from afar by a steam dragon (25 damage)
             ... with a ball of steam
             ... on level 7 of the Dungeon.
             The game lasted 00:19:51 (7628 turns).

zeram the Covert (Octopode Fighter)                 Turns: 7628, Time: 00:19:52

Health: -9/61      AC:  3    Str: 24    XL:     9   Next: 99%
Magic:  9/9        EV: 15    Int: 12    God:
Gold:   101        SH: 14    Dex: 17    Spells: 8/8 levels left

rFire   . . .      SeeInvis +   e - +1 dagger (venom)
rCold   . . .      Faith    .   f - +3 kite shield
rNeg    . . .      Spirit   .   (helmet restricted)
rPois   .          Reflect  .   (no amulet)
rElec   .          Harm     .   h - +6 ring of dexterity
rCorr   .          Rampage  .   d - +6 ring of strength
Will    .....                   v - ring of see invisible
Stlth   +++++.....              (no ring)
HPRegen 0.20/turn               (no ring)
MPRegen 0.11/turn               (no ring)
                                (no ring)
                                (no ring)

@: studying Staves
A: almost no armour, amphibious, 8 rings, camouflage 1, gelatinous body 1,
(nimble swimmer 1), tentacles, iridescent scales 1, robust 1, screaming 1
a: no special abilities


You were on level 7 of the Dungeon.
You visited 2 branches of the dungeon, and saw 8 of its levels.

You collected 301 gold pieces.
You spent 200 gold pieces at shops.

Inventory:

Hand Weapons
 a - a +0 rapier
 c - a +0 whip of flaming
 e - a +1 dagger of venom (weapon)
 t - the +8 trident of the Thoughtful Gods {protect, rElec rC- Will- Dex+6}
   (You found it on level 5 of the Dungeon)

   It grants its wielder temporary protection when it strikes (+7 to AC).
   Dex:       It affects your dexterity (+6).
   rC:        It makes you vulnerable to cold.
   rElec:     It insulates you from electricity.
   Will:      It decreases your willpower.
Armour
 b - a +0 buckler
 f - a +3 kite shield (worn)
Jewellery
 d - a +6 ring of strength (right tentacle)
 h - a +6 ring of dexterity (left tentacle)
 v - a ring of see invisible (on tentacle)
Wands
 g - a wand of digging (5)
 n - a wand of charming (7)
 o - a wand of iceblast (12)
Scrolls
 k - 2 scrolls of magic mapping
 m - a scroll of noise
 s - a scroll of amnesia
Potions
 i - 4 potions of flight
 l - a potion of resistance


   Skills:
 - Level 3.1 Fighting
 + Level 8.7 Short Blades
 + Level 6.3 Dodging
 + Level 9.2 Stealth
 + Level 6.9 Shields
 + Level 1.4 Evocations


You had 8 spell levels left.
You didn't know any spells.
Your spell library contained the following spells:

 Spells                   Type           Power      Damage    Failure   Level
 Shock                    Conj/Air       0%         1d3       65%         1
 Sublimation of Blood     Necr           0%         N/A       78%         2
 Gell's Gravitas          Tloc           0%         N/A       95%         3
 Swiftness                Air            0%         N/A       95%         3
 Teleport Other           Tloc           0%         N/A       95%         3
 Airstrike                Air            0%         2d(0-16)  100%        4
 Petrify                  Tmut/Erth      0%         N/A       100%        4
 Irradiate                Conj/Tmut      0%         3d11      100%        5
 Dispersal                Tloc           0%         N/A       100%        6
 Statue Form              Tmut/Erth      0%         N/A       100%        6
 Malign Gateway           Summ/Tloc      0%         N/A       100%        7
 Monstrous Menagerie      Summ           0%         N/A       100%        7


Dungeon Overview and Level Annotations

Branches:
Dungeon (7/15)             Temple (1/1) D:5

Altars:
Ashenzari
Cheibriados
Dithmenos
Elyvilon
Fedhas
Gozag
Hepliaklqana
Kikubaaqudgha
Makhleb
Nemelex Xobeh
Okawaru
Qazlal
Ru
Sif Muna
Trog
Uskayaw
Vehumet
Wu Jian
Xom
Yredelemnul
Zin
The Shining One

Shops:
D:5 =*


Innate Abilities, Weirdness & Mutations

You cannot wear most types of armour.
You are amphibious.
You can wear up to eight rings at the same time.
Your skin changes colour to match your surroundings (Stealth+).
Your rubbery body absorbs attacks. (AC +1, EV +1)
((You are camouflaged when in or above water. (Stealth+)))
You have tentacles for arms and can constrict up to eight enemies at once.
You are partially covered in iridescent scales. (AC +2)
You are robust. (+10% HP)
You occasionally shout uncontrollably at your foes.


Message History

You block the ice beast's attack. The ice beast attacks as you move away!
The ice beast barely misses you. You block the ice beast's attack.
You block the yak's attack. The yak gores you! The yak completely misses you.
You block the yak's attack. You block the yak's attack.
As you read the scroll of teleportation, it crumbles to dust.
You feel strangely unstable. The yak gores you.
* * * LOW HITPOINT WARNING * * *
The yak attacks as you move away! You block the yak's attack.
Your surroundings suddenly seem different.
The steam dragon barely misses you. The steam dragon claws you.
* * * LOW HITPOINT WARNING * * *
You hit the steam dragon but do no damage.
The steam dragon is poisoned.
You hit the steam dragon.
The steam dragon looks as sick as possible!
You squeeze the steam dragon!
The steam dragon is heavily wounded.
The steam dragon barely misses you. You block the steam dragon's attack.
You hit the steam dragon but do no damage.
The steam dragon looks as sick as possible!
You squeeze the steam dragon, but do no damage.
The steam dragon is heavily wounded.
You block the steam dragon's attack. The steam dragon closely misses you.
You hit the steam dragon.
The steam dragon looks as sick as possible!
The steam dragon is severely wounded.
You hit the steam dragon.
You squeeze the steam dragon, but do no damage.
The steam dragon is almost dead.
The steam dragon bites you.
* * * LOW HITPOINT WARNING * * *
The steam dragon claws you.
* * * LOW HITPOINT WARNING * * *
You barely miss the steam dragon.
The steam dragon is almost dead.
The steam dragon breathes steam at you. The ball of steam hits you!!
You die...

....................###..######..
.........#######.#......)...# #..
.........# #.#.##...###.###..
.........# #.#.#......#......
.........# #.#......#.####...
.........# #.#....#)#.####...
.........# #...#..#......#...
.........# ##...######.##.#...
#####....# ###.@#...........#...
####.####..D.#######.....#...
#..>......# #.....#...
########### #.....#... #.....#...
#...###... #...[..... #.#)))..#.
#.#.))#.#.


You could see a steam dragon (extremely poisoned, catching breath).

Vanquished Creatures
  Pikel (D:6)
  Sigmund (D:5)
  A yak (D:7)
  Eustachio (D:6)
  A steam dragon (D:6)
  3 orc warriors (D:6)
  3 ice beasts
  A black bear (D:7)
  An ogre (D:5)
  A lemure (D:6)
  A centaur (D:6)
  2 phantoms
  A bullfrog (D:7)
  3 necrophages
  2 scorpions
  A gnoll bouda (D:6)
  A jelly (D:6)
  3 hounds (D:6)
  Crazy Yiuf (D:4)
  2 orc priests
  Terence (D:3)
  7 iguanas
  7 orc wizards
  11 adders
  A shadow imp (D:5)
  2 white imps (D:6)
  An ufetubus (D:6)
  2 dart slugs
  28 orcs
  4 ball pythons
  7 endoplasms
  2 giant cockroaches
  5 goblins
  4 hobgoblins
  4 jackals
  3 quokkas
  6 bats
  3 frilled lizards
  4 kobolds
  6 rats
139 creatures vanquished.

Vanquished Creatures (others)
  A sky beast (D:6)
1 creature vanquished.

Grand Total: 140 creatures vanquished

Notes
Turn   | Place    | Note
-------+----------+-------------------------------------------
     0 | D:1      | zeram the Octopode Fighter began the quest for the Orb.
     0 | D:1      | Reached XP level 1. HP: 16/16 MP: 1/1
   137 | D:1      | Reached XP level 2. HP: 21/21 MP: 2/2
   726 | D:1      | Found a faded altar of an unknown god.
   923 | D:2      | Reached skill level 1 in Stealth
   923 | D:2      | Reached XP level 3. HP: 16/26 MP: 3/3
  1050 | D:2      | Found a white marble altar of Elyvilon.
  1052 | D:2      | Identified the +1 leather armour "Eloatu" {Dex+5}
  1151 | D:2      | Reached skill level 2 in Stealth
  1316 | D:2      | Reached XP level 4. HP: 26/31 MP: 4/4
  1808 | D:3      | Found a glowing golden altar of the Shining One.
  1832 | D:3      | Found a basalt altar of Yredelemnul.
  1875 | D:3      | Noticed Terence
  1884 | D:3      | Killed Terence
  1885 | D:3      | Reached skill level 3 in Stealth
  1885 | D:3      | Reached XP level 5. HP: 36/36 MP: 5/5
  2553 | D:3      | Noticed an angel
  2907 | D:4      | Got the Monograph on Terrestrial Accompaniment
  2911 | D:4      | Noticed a phantom
  2918 | D:4      | Reached skill level 4 in Stealth
  2924 | D:4      | Killed a phantom
  2925 | D:4      | Reached XP level 6. HP: 18/42 MP: 6/6
  3432 | D:4      | Found a runed translucent door.
  3433 | D:4      | Noticed Crazy Yiuf
  3516 | D:4      | Reached skill level 5 in Stealth
  3674 | D:4      | Killed Crazy Yiuf
  3708 | D:5      | Entered Level 5 of the Dungeon
  4044 | D:5      | Found Faoc's Assorted Antiques.
  4055 | D:5      | Bought a scroll of identify for 50 gold pieces
  4088 | D:5      | Reached XP level 7. HP: 46/46 MP: 7/7
  4115 | D:5      | Reached skill level 5 in Short Blades
  4136 | D:5      | Reached skill level 6 in Stealth
  4221 | D:5      | Found Waniog's Jewellery Shoppe.
  4239 | D:5      | Bought a ring of see invisible for 150 gold pieces
  4270 | D:5      | Noticed Sigmund
  4272 | D:5      | Found a hide-covered altar of Uskayaw.
  4272 | D:5      | Found a glowing silver altar of Zin.
  4273 | D:5      | Found a sacrificial altar of Ru.
  4273 | D:5      | Found a radiant altar of Vehumet.
  4572 | D:5      | Killed Sigmund
  4599 | D:5      | Found a staircase to the Ecumenical Temple.
  4599 | D:5      | Identified the +8 trident of the Thoughtful Gods {protect,
                  | rElec rC- Will- Dex+6}
  4743 | D:5      | Reached XP level 8. HP: 52/52 MP: 8/8
  4772 | D:5      | Reached skill level 7 in Stealth
  4824 | Temple   | Entered the Ecumenical Temple
  5453 | D:6      | Noticed Eustachio
  5459 | D:6      | Reached skill level 5 in Dodging
  5476 | D:6      | Killed Eustachio
  5881 | D:6      | Reached skill level 1 in Evocations
  5975 | D:6      | Reached skill level 8 in Stealth
  5975 | D:6      | Reached skill level 5 in Shields
  6112 | D:6      | Noticed Pikel
  6120 | D:6      | Killed Pikel
  6121 | D:6      | Reached XP level 9. HP: 50/56 MP: 9/9
  6313 | D:6      | Gained mutation: You occasionally shout uncontrollably at
                  | your foes. [potion of mutation]
  6313 | D:6      | Gained mutation: You are partially covered in iridescent
                  | scales. (AC +2) [potion of mutation]
  6313 | D:6      | Gained mutation: You are robust. (+10% HP) [potion of
                  | mutation]
  6621 | D:6      | Found a bloodstained altar of Trog.
  7583 | D:7      | Reached skill level 9 in Stealth
  7628 | D:7      | Killed from afar by a steam dragon

Illustrated notes

Levels and vault maps discovered:
D:1:      lemuel_arrival_cross, layout_basic,
          ebering_ecumenical_altar_abandoned, chequers_serial_rivers_micro_b
D:2:      layout_basic, basic_altar, hangedman_decor_growths
D:3:      layout_basic, grunt_temple_overflow_holy_war, uniq_terence
D:4:      layout_cave_pools, enter_ossuary_1, kennysheep_flooded_box,
          uniq_crazy_yiuf_cottage
D:5:      layout_rooms, chequers_temple_overflow_statue_of_worship,
          minmay_temple_entry_waves, serial_shops, nicolae_shop_waterfront,
          nicolae_stop_n_shop_2, dk_vineyard_1, uniq_sigmund
D:6:      layout_loops_corners, trog_butcher_becter, minmay_manual_monstrance,
          uniq_eustachio, uniq_pikel
D:7:      layout_basic
Temple:   hellmonk_temple_two_chambers

Skill      XL: |  1  2  3  4  5  6  7  8  9 |
---------------+----------------------------+-----
Stealth        | 1 2 3 4 5 6 8 9 |  9.2
Short Blades   | 3 4 6 7 8 |  8.7
Dodging        | 4 5 6 |  6.3
Shields        | 4 5 6 |  6.9
Evocations     | 1 |  1.4
Fighting       | |  3.1

Action                   |  1- 3 |  4- 6 |  7- 9 || total
-------------------------+-------+-------+-------++-------
Melee: Rapier            |    50 |   102 |   184 ||   336
       Constrict         |    17 |    22 |    38 ||    77
       Tentacles         |     8 |    19 |    62 ||    89
       Punch             |     1 |     3 |     6 ||    10
       Dagger            |       |       |    32 ||    32
Evoke: Wand              |       |       |     3 ||     3
  Use: Scroll            |       |     9 |     8 ||    17
       Potion            |       |     2 |    11 ||    13
 Stab: Sleeping          |     7 |    12 |    10 ||    29
       Distracted        |       |       |     1 ||     1
Armor: Skin              |     5 |     1 |    19 ||    25
Dodge: Dodged            |    27 |    43 |    81 ||   151
Block: Buckler           |     6 |       |       ||     6
       Kite shield       |    19 |    38 |   128 ||   185
